[Event "FIDE World School-ch O-13 2025"]
[Site "Vrnjacka Banja"]
[Date "2025.03.22"]
[Round "3.1"]
[White "Yurasov, Matfey"]
[Black "Baturin-Vinogradov, Miroslav"]
[Result "1-0"]
[Annotator "TA"]
[ECO "A07"]
[WhiteElo "2271"]
[BlackElo "1912"]
[PlyCount "69"]
[EventDate "2025.03.19"]
[EventType "swiss"]
[EventCountry "SRB"]
[SourceTitle "playchess.com"]
[Source "ChessBase"]
[SourceQuality "1"]
[TimeControl "5400+30"]

1. Nf3 d5 2. g3 Bg4 3. Bg2 c6 4. O-O Nd7 5. h3 Bh5 6. d4 {[%emt 0:00:11][%cal Oc2c4] A07: Réti Opening: New York and Capablanca Systems.} Ngf6 {[%emt 0:01:12] [#]} 7. c4 $1 e6 8. cxd5 {[%emt 0:00:41] The position is equal.} exd5 9. Ne5 Bg6 {[%emt 0:04:12] 9...Bg6 has become a bit dusty these days.} 10. Nc3 Be7 11. f4 Be4 12. Nxe4 Nxe4 13. Bxe4 dxe4 14. Qb3 {[%emt 0:00:04][%csl Ge5,LRb7,LRf7][%cal Rb3f7] [#]} Nxe5 {[%emt 0:03:06] A sharp opening} 15. fxe5 O-O (15... Qxd4+ $2 16. Be3 Qd5 17. Qxb7 $18) 16. Be3 Qd5 17. Qxb7 (17. Qxd5 {simplifies} cxd5 18. Rac1 Rfc8 19. g4) 17... Qe6 18. Rac1 $146 (18. Kg2 Rfb8 19. Qa6 Rxb2 20. Rf2 Rc2 21. Qb7 Rf8 22. Rc1 Rxc1 23. Bxc1 a5 24. Qa7 {0-1 Osmak,I (2420)-Antova,G (2275) Olympiad Women-44 2022 (4.4)}) 18... Qxh3 19. Bf4 $36 {[%emt 0:00:07][%mdl 2048] Black is under pressure. Active counter play!} Bg5 {[%emt 0:01:35] ...Bxf4 is the strong threat.} 20. Qb3 (20. Bxg5 $2 Qxg3+ 21. Kh1 Qxg5 $19) (20. Rc3 $5 Bxf4 21. Rxf4 $14) 20... Bxf4 (20... Rab8 $11 21. Qc3 Rxb2 22. Qxb2 Bxf4 23. gxf4 Qg3+ 24. Kh1 Qh3+ 25. Kg1) 21. Rxf4 $14 Rab8 22. Qc3 Qh5 ({Not} 22... Rxb2 $2 23. Rh4 $18) 23. Rxe4 f5 24. Rf4 (24. Qc4+ $16 Kh8 25. Rh4) 24... g5 (24... Qxe2 $14 25. Rc2 (25. Qxc6 Qe3+ 26. Kg2 Qd2+ 27. Kh3 Rxb2 $11) 25... Qd1+ 26. Kg2 g5) 25. Rf3 $16 f4 26. Qxc6 fxg3 27. Rxg3 Rxb2 28. Qg2 Kh8 (28... h6 {keeps fighting.}) 29. Rf1 $18 (29. Rxg5 Qxe2 30. Qxe2 Rxe2 $18) 29... Rxf1+ 30. Qxf1 {[%emt 0:00:06] KQR-KQR. White is a pawn up.} Kg8 {[%emt 0:00:19] Prevents Qf8+.} (30... h6 31. Qf6+ Kg8) 31. Qf5 h6 32. Rc3 (32. Qc8+ $142 Kg7 33. Qd7+ Qf7 34. e6 Rb1+ 35. Kg2 Qxd7 36. exd7) 32... Qf7 33. Qe4 {[%emt 0:02:34] Strongly threatening e6.} Rxa2 $2 (33... Kg7 $18 34. Rc6 Rb6) 34. Rf3 Ra1+ 35. Kg2 {[%emt 0:00:01] Weighted Error Value: White=0.36/Black=0.44  Mistake:       	White=1     	Black=5      Inaccurate:     	White=1     	Black=2      OK:         	White=14    	Black=9      Best:        	White=2     	---} 1-0

[Event "FIDE World School-ch O-13 2025"]
[Site "Vrnjacka Banja"]
[Date "2025.03.22"]
[Round "3.2"]
[White "Zharas, Aldiyar"]
[Black "Wijerathna, Vinuka Dihain"]
[Result "1/2-1/2"]
[Annotator "NA RC"]
[ECO "C22"]
[WhiteElo "1924"]
[BlackElo "2117"]
[PlyCount "125"]
[EventDate "2025.03.19"]
[EventType "swiss"]
[EventCountry "SRB"]
[SourceTitle "playchess.com"]
[Source "ChessBase"]
[SourceQuality "1"]
[TimeControl "5400+30"]

1. e4 e5 2. d4 exd4 3. Qxd4 Nc6 4. Qe3 Nf6 5. Nc3 Bb4 6. Bd2 O-O 7. O-O-O Re8 8. Bc4 d6 9. Nf3 Be6 10. Bxe6 Rxe6 11. Ng5 Re8 12. a3 Bxc3 13. Bxc3 h6 14. h4 Nd7 15. f4 Qe7 16. Rhe1 Rad8 17. Nf3 Nc5 18. e5 dxe5 19. fxe5 Ne6 20. g4 Rxd1+ 21. Rxd1 Rd8 22. Rxd8+ Qxd8 23. Qe4 Qd7 24. b4 a6 25. Kb2 b5 26. a4 Ne7 27. Qa8+ Qc8 28. Qxc8+ Nxc8 29. axb5 axb5 30. Bd4 Ne7 31. Kb3 Ng6 32. Be3 c6 33. Kc3 Ne7 34. Kd3 Nd5 35. Bd2 Nd8 36. c4 bxc4+ 37. Kxc4 Ne6 38. Nd4 Nb6+ 39. Kd3 Nxd4 40. Kxd4 Nd7 41. Bc3 Kf8 42. Kc4 Ke7 43. Kd4 Ke6 44. Ke4 Nb6 45. Kd4 Nd5 46. Bd2 Ne7 47. h5 Nd5 48. Be1 Nc7 49. Kc5 Kd7 50. Bc3 Ne6+ 51. Kb6 Nf4 52. Bd4 Nd5+ 53. Kc5 Nf4 54. Kb6 Nd5+ 55. Kc5 Nc7 56. Bc3 Ne6+ 57. Kb6 Nf4 58. e6+ Nxe6 59. g5 f6 60. gxf6 gxf6 61. Bxf6 Nf4 62. Bg7 Nxh5 63. Bxh6 1/2-1/2

[Event "FIDE World School-ch O-13 2025"]
[Site "Vrnjacka Banja"]
[Date "2025.03.22"]
[Round "3.3"]
[White "Eshwar Veerappan Aiyappan"]
[Black "Rusu, Lucas"]
[Result "1/2-1/2"]
[Annotator "NA RC"]
[ECO "B22"]
[WhiteElo "1765"]
[BlackElo "2049"]
[PlyCount "102"]
[EventDate "2025.03.19"]
[EventType "swiss"]
[EventCountry "SRB"]
[SourceTitle "playchess.com"]
[Source "ChessBase"]
[SourceQuality "1"]
[TimeControl "5400+30"]

1. e4 c5 2. Nf3 e6 3. c3 Nf6 4. e5 Nd5 5. Bc4 d6 6. d4 Nc6 7. O-O Be7 8. exd6 Qxd6 9. dxc5 Qxc5 10. Bxd5 Qxd5 11. Qxd5 exd5 12. Rd1 Be6 13. Be3 O-O 14. Nbd2 $11 Rfd8 15. Nb3 Bg4 16. Nbd4 Bf6 17. Rd3 Na5 18. Re1 Nc4 19. Bc1 Re8 20. Kf1 Rxe1+ 21. Nxe1 Re8 22. h3 Bd7 23. Nec2 Rc8 24. Ne3 Nxe3+ 25. Bxe3 b6 26. Ne2 Bc6 27. Ke1 Be5 28. Bd4 Bd6 29. Re3 f6 30. h4 Kf7 31. h5 h6 32. f3 Bd7 33. Kf2 Rd8 34. Kf1 Bb5 35. Kf2 Bd7 36. Kf1 Bf5 37. Kf2 Bb1 38. a3 Bc2 39. Kf1 Bb3 40. Kf2 Bc4 41. Ke1 Rg8 42. Kf2 Rb8 43. Ng3 Bb5 44. Nf5 Bf8 45. Re1 Bd7 46. Ne3 Bc6 47. Nf5 Bd7 48. Ne3 Bc6 49. Nf5 Bd7 50. Ne3 Bc6 51. Nf5 Bd7 1/2-1/2

[Event "FIDE World School-ch O-13 2025"]
[Site "Vrnjacka Banja"]
[Date "2025.03.22"]
[Round "3.4"]
[White "Sukhanov, Nikita"]
[Black "Petroff, Vlad"]
[Result "1/2-1/2"]
[Annotator "NA RC"]
[ECO "B13"]
[WhiteElo "1764"]
[BlackElo "2030"]
[PlyCount "125"]
[EventDate "2025.03.19"]
[EventType "swiss"]
[EventCountry "SRB"]
[SourceTitle "playchess.com"]
[Source "ChessBase"]
[SourceQuality "1"]
[TimeControl "5400+30"]

1. e4 c6 2. d4 d5 3. exd5 cxd5 4. Bd3 Nc6 5. c3 Qc7 6. Ne2 Bg4 7. O-O e6 8. Qe1 Bd6 9. f3 Bh5 10. Qh4 Bg6 11. Bxg6 fxg6 12. Bf4 Nge7 13. Bxd6 Qxd6 14. Qf4 Qd7 15. Ng3 $14 O-O-O 16. a4 Nf5 17. a5 a6 18. Nd2 h6 19. Nxf5 exf5 20. Nb3 g5 21. Qd2 Rhe8 22. Nc5 Qf7 23. b4 Na7 24. Nd3 f4 25. Ne5 Qc7 26. Rac1 Kb8 27. Rfd1 Nb5 28. Qd3 Nd6 29. Re1 Rc8 30. Re2 Red8 31. Ng6 Rd7 32. Ne5 Re7 33. Rce1 Rce8 34. h3 Nb5 35. Rc1 Nxd4 36. Qxd4 Rxe5 37. Rxe5 Qxe5 38. Rd1 Qxd4+ 39. Rxd4 Re3 40. Rxd5 Rxc3 41. b5 axb5 42. Rxb5 Ka7 43. Rb6 Rc5 44. Rg6 Rxa5 45. Rxg7 Rc5 46. Kf2 Rc6 47. h4 gxh4 48. Rg4 Rf6 49. Rxh4 b5 50. Ke2 Kb6 51. Kd3 Ka5 52. Kc2 Rg6 53. Rxf4 Rxg2+ 54. Kb3 Re2 55. Rh4 Re3+ 56. Kb2 Rxf3 57. Rxh6 Ka4 58. Rh2 b4 59. Rg2 Rb3+ 60. Ka2 Rh3 61. Kb2 Rh1 62. Rf2 Re1 63. Rh2 1/2-1/2

[Event "FIDE World School-ch O-13 2025"]
[Site "Vrnjacka Banja"]
[Date "2025.03.22"]
[Round "3.5"]
[White "Obidov, Biloliddin"]
[Black "Vyas, Miransh Purven"]
[Result "1-0"]
[Annotator "NA RC"]
[ECO "B11"]
[WhiteElo "2020"]
[BlackElo "1750"]
[PlyCount "73"]
[EventDate "2025.03.19"]
[EventType "swiss"]
[EventCountry "SRB"]
[SourceTitle "playchess.com"]
[Source "ChessBase"]
[SourceQuality "1"]
[TimeControl "5400+30"]

1. e4 c6 2. Nf3 d5 3. Nc3 dxe4 4. Nxe4 Nf6 5. Qe2 Nxe4 6. Qxe4 Be6 7. c4 Nd7 8. d4 Nf6 9. Qc2 Bg4 10. Be3 Bxf3 11. gxf3 e6 12. O-O-O Qa5 $11 13. Kb1 O-O-O 14. Rg1 h6 15. Bf4 Nh5 16. Be3 g6 17. d5 exd5 18. cxd5 c5 19. Rg4 Nf6 20. Rf4 Nxd5 21. Rxf7 Qb6 22. Bd4 Qe6 23. Bh3 Qxh3 24. Bxh8 Qe6 25. Rxf8 Rxf8 26. Qxc5+ Kd7 27. Rxd5+ Qxd5 28. Qxd5+ Ke7 29. Be5 Rf5 30. Qd6+ Ke8 31. Qxg6+ Ke7 32. Qxf5 b5 33. Qf6+ Kd7 34. Qd6+ Ke8 35. Qc7 a5 36. Bd6 b4 37. Qe7# 1-0

[Event "FIDE World School-ch O-13 2025"]
[Site "Vrnjacka Banja"]
[Date "2025.03.22"]
[Round "3.6"]
[White "Lee, Tsuen Jin Aiesec"]
[Black "Kudrin, Ivan"]
[Result "1/2-1/2"]
[Annotator "NA RC"]
[ECO "C00"]
[WhiteElo "1693"]
[BlackElo "1977"]
[PlyCount "87"]
[EventDate "2025.03.19"]
[EventType "swiss"]
[EventCountry "SRB"]
[SourceTitle "playchess.com"]
[Source "ChessBase"]
[SourceQuality "1"]
[TimeControl "5400+30"]

1. e4 c5 2. Nf3 e6 3. d3 Nc6 4. g3 d5 5. Nbd2 Nf6 6. Bg2 Be7 7. O-O Qc7 8. Re1 O-O 9. c3 Rd8 10. e5 Nd7 11. Qe2 b5 12. a4 b4 13. c4 dxc4 14. dxc4 Bb7 $15 15. Nb3 Na5 16. Nxa5 Qxa5 17. b3 Qc7 18. Bf4 Nb8 19. Ng5 Bxg2 20. Kxg2 Nc6 21. Qh5 Bxg5 22. Bxg5 Rd3 23. Re4 Nxe5 24. Bf4 f6 25. Bxe5 fxe5 26. Rxe5 Rxb3 27. Rxe6 Qb7+ 28. Kg1 Qf7 29. Qxf7+ Kxf7 30. Rc6 Rd8 31. Rxc5 Ra3 32. Rb1 Rxa4 33. Rc7+ Kf6 34. Rb7 a5 35. c5 Rc8 36. Rc1 Ra3 37. Rb5 Rc3 38. Ra1 R3xc5 39. Raxa5 Rxb5 40. Rxb5 Rc1+ 41. Kg2 Rb1 42. Kf3 b3 43. h3 b2 44. h4 1/2-1/2

[Event "FIDE World School-ch O-13 2025"]
[Site "Vrnjacka Banja"]
[Date "2025.03.22"]
[Round "3.7"]
[White "Sakotic, Nikola"]
[Black "Rana, Oliver"]
[Result "1/2-1/2"]
[Annotator "NA RC"]
[ECO "E07"]
[WhiteElo "2039"]
[BlackElo "1808"]
[PlyCount "35"]
[EventDate "2025.03.19"]
[EventType "swiss"]
[EventCountry "SRB"]
[SourceTitle "playchess.com"]
[Source "ChessBase"]
[SourceQuality "1"]
[TimeControl "5400+30"]

1. Nf3 Nf6 2. c4 c6 3. d4 d5 4. Nc3 e6 5. Qb3 Be7 6. g3 O-O 7. Bg2 b6 8. O-O Nbd7 9. Rd1 Bb7 10. Ne5 Qc7 11. Nd3 c5 12. Bf4 $11 Qc8 13. dxc5 dxc4 14. Bxb7 Qxb7 15. Qxc4 Nxc5 16. Nxc5 Bxc5 17. b4 Be7 18. Rac1 1/2-1/2

[Event "FIDE World School-ch O-13 2025"]
[Site "Vrnjacka Banja"]
[Date "2025.03.22"]
[Round "3.8"]
[White "Yang, Maxwell"]
[Black "Lee, Jiwoo A"]
[Result "1-0"]
[Annotator "NA RC"]
[ECO "E44"]
[WhiteElo "1970"]
[BlackElo "1915"]
[PlyCount "103"]
[EventDate "2025.03.19"]
[EventType "swiss"]
[EventCountry "SRB"]
[SourceTitle "playchess.com"]
[Source "ChessBase"]
[SourceQuality "1"]
[TimeControl "5400+30"]

1. d4 Nf6 2. c4 e6 3. Nc3 Bb4 4. e3 b6 5. Nge2 Bb7 6. a3 Be7 7. d5 e5 8. Ng3 g6 9. Bd3 d6 $16 10. e4 Nbd7 11. Be3 Bf8 12. O-O Bg7 13. h3 O-O 14. Qd2 Rc8 15. b4 c6 16. Rac1 Ne8 17. dxc6 Bxc6 18. f3 Nc7 19. Bc2 Nf6 20. Rfd1 Ne6 21. Nge2 Qe8 22. b5 Bb7 23. Qxd6 Rxc4 24. Bb3 Rc8 25. Nd5 Bxd5 26. Rxc8 Qxc8 27. exd5 Nc7 28. Qc6 Qd8 29. d6 Ne6 30. Bxe6 fxe6 31. d7 Qe7 32. Bg5 Rd8 33. Bxf6 Bxf6 34. Rd6 Bg7 35. Ng3 Bf8 36. Ne4 Qf7 37. Rxe6 Qf4 38. Re8 Kg7 39. Rxd8 Bc5+ 40. Qxc5 bxc5 41. Rg8+ Kxg8 42. d8=Q+ Kg7 43. Qe7+ Kh6 44. Qxc5 Kh5 45. Qc3 g5 46. g3 Qf7 47. Qxe5 h6 48. g4+ Kg6 49. Qf5+ Qxf5 50. gxf5+ Kxf5 51. a4 Ke5 52. Kf2 1-0